← All builds
Front / Cortex / Economy first / OBSERVED BUILD

Standard front

Cortex Front build order · Supreme Isthmus

The role's default economy-first play: Bot Lab right away, Advanced Metal Extractor around 9:12, transitioning into the usual Thug/Grunt/Aggravator mix to hold the wider gap and feed the middle.

#eco #defence · 177 distinct matches · 62 players · 64% of Cortex Front games · team won 44% of 179 · Recently observed

HOW TO PLAY IT

Key timing: Bot Lab by 0:40

  1. Take 3 mex, then wind before opening Bot Lab.
  2. Finish Bot Lab, start producing Thug, Grunt and Aggravator.
  3. Send early units to coast first to stop leaks, not straight to mid.
  4. Add Twin Guard and Radar Tower to hold the wider gap.
  5. Bring Advanced Metal Extractor online as army transitions to T2.

Phase by phase

TYPICAL OF ITS 177 GAMES
  1. 1
  2. 2
  3. 3
PLAY THE OPENING

Follow the example game's first 6:00 step by step: what to build now, what comes next, and where it goes. At 1× it keeps pace with your own game.

  1. 1

    Up to the Bot Lab

    Economy
    • Metal Extractor2Mex
    • Wind Turbine1Wind
    Order
    1. Bot LabBot Lab after 2 mex, 1 winddone ~0:40, middle half 0:34–0:46

    By 0:24 in all: 2 mex · 1 wind

    The example game in this phase · 3 steps
    1. Mex
    2. Wind ×2
    3. Bot LabBot Labdone 0:38 · typical 0:40
  2. 2

    Bot Lab to 5:00

    Economy
    • Metal Extractor4Mex
    • Wind Turbine4Wind
    Builders
    • Construction Bot3 Con bot
    • Graverobber2 Graverobber
    Army
    • Guard2 Guard
    • Thug6 Thug
    • Aggravator5 Aggravator
    • Grunt4 Grunt

    Some games also: con turret (42%) · Radar Tower (35%)

    By 5:00 in all: 6 mex · 5 wind

    The example game in this phase · 26 steps
    1. Construction BotCon bot ×2
    2. ThugThug
    3. Mex
    4. ThugThug
    5. Mex
    6. ThugThug ×3
    7. GruntGrunt
    8. ThugThug
    9. Mex
    10. Construction BotCon bot
    11. ThugThug
    12. Mex
    13. ThugThug ×2
    14. Mex
    15. ThugThug
    16. Radar TowerRadar Tower
    17. ThugThug
    18. Construction BotCon bot
    19. ThugThug ×3
    20. GuardGuard
    21. ThugThug ×2
    22. AggravatorAggravator ×3
    23. Wind
    24. AggravatorAggravator ×3
    25. Wind
    26. AggravatorAggravator
  3. 3

    5:00 to 10:00

    Economy
    • Metal Extractor1Mex
    • Wind Turbine17Wind
    Builders
    • Construction Turret2 Con turret
    • Graverobber2 Graverobber
    • Construction Bot1 Con bot
    Army
    • Guard1 Guard
    • Grunt7 Grunt
    • Thug2 Thug

    Some games also: aggravator (46%) · energy storage (42%) · Twin Guard (36%) · converter (35%) · Radar Tower (35%)

    By 10:00 in all: 7 mex · 24 wind · 1 energy storage · 3 con turret

    The example game in this phase · 78 steps
    1. AggravatorAggravator ×2
    2. Con turret
    3. Wind
    4. AggravatorAggravator
    5. Wind
    6. GuardGuard
    7. Construction BotCon bot
    8. Wind ×3
    9. GuardGuard
    10. Wind ×2
    11. WardenWarden
    12. Construction BotCon bot ×2
    13. Wind ×2
    14. GuardGuard
    15. Wind
    16. GuardGuard
    17. Energy storage
    18. Wind
    19. Metal storage ×2
    20. Wind
    21. GraverobberGraverobber
    22. Wind
    23. Dragon's TeethDragon's Teeth ×2
    24. ThistleThistle
    25. Wind
    26. GraverobberGraverobber
    27. Wind ×2
    28. Con turret
    29. Wind ×2
    30. GraverobberGraverobber
    31. Metal storage
    32. Wind
    33. CastroCastro
    34. Metal storage
    35. Wind
    36. Radar TowerRadar Tower
    37. Wind
    38. AgitatorAgitatornot finished by 15:00
    39. Metal storage
    40. Wind
    41. Bot LabBot Labdone 9:22
    42. Con turret
    43. GruntGrunt ×2
    44. Con turret
    45. GruntGrunt
    46. Converter
    47. GruntGrunt ×2
    48. Converter
    49. GruntGrunt ×2
    50. Converter
    51. GruntGrunt ×3
    52. Converter
    53. GruntGrunt
    54. GraverobberGraverobber
    55. Advanced Metal ExtractorT2 mexdone 10:52 · typical 9:10
    56. GruntGrunt ×5
    57. Advanced Metal ExtractorT2 mex
    58. GruntGrunt
    59. Advanced Metal ExtractorT2 mex
    60. GruntGrunt ×5
    61. Advanced Metal ExtractorT2 mex
    62. GruntGrunt ×11
    63. Advanced Metal ExtractorT2 mex
    64. GruntGrunt ×13
    65. Pit BullPit Bull
    66. GruntGrunt ×8
    67. Pit BullPit Bull
    68. GruntGrunt ×4
    69. GraverobberGraverobber ×2
    70. GruntGrunt ×3
    71. Con turret
    72. GruntGrunt ×3
    73. Con turret
    74. GruntGrunt
    75. Pit BullPit Bull
    76. GruntGrunt ×4
    77. GraverobberGraverobber ×2
    78. GruntGrunt ×5

Counts are medians over the build's games: half of them build more, half fewer. The example game is Happiness's (52 OS, 22/08/2026); pick another.

Team trades

IN AT LEAST 30% OF ITS GAMES

You hand over

Nothing regular.

You get

  • Tidal Generator4 Tidal from Pondfirst at 0:17 · in 68% of games
  • Advanced Construction Bot1 T2 con bot from Geo or Techfirst at 7:26 · in 66% of games

How it plays out

Typical game of this build, running totals by minute

Metal produced

010k20k30k
0:005:0010:0015:00

metal

Enemy metal destroyed

02.5k5k7.5k
0:005:0010:0015:00

metal

Own metal lost

05k10k
0:005:0010:0015:00

metal

179 games.

Show as table
ByMetal produced: This buildEnemy metal destroyed: This buildOwn metal lost: This build
1:0033100
2:0085800
3:0016248686
4:002692359336
5:003828938883
6:00505116831622
7:00633024302606
8:00769932503477
9:00914838644317
10:001091543525092
11:001287049345948
12:001507052866934
13:001774557647566
14:002019663178516
15:002293570989484
WHAT THE NUMBERS SAY

This build has the worst win rate of the roles shown and trails Suicide front on kills while losing nearly as much metal.

  • + Produces more metal than Suicide front by 15:00 (22286 vs 18297).
  • + T2 constructor lands slightly faster (7:41) than Suicide front's 8:07.
  • − Loses 9797 own metal by 15:00, close to what it destroys (6775).
  • − Wins only 40% of games, well below every other role shown.
THE EXAMPLE YOU ARE READING

Happiness

51.9 OS · 22/08/2026

Open source match ↗

18 received units · includes a constructor
257 metal received · 46934 energy received

Allied construction assistance is unknown. Timings are observations, not a promise of solo reproducibility.

Typical milestones

Bot Lab0:40Middle 50%: 0:34–0:46 · n=164
Advanced Metal Extractor9:10Middle 50%: 8:09–10:29 · n=140

Played most by

Hummell19games of this buildwatermeloans19games of this buildiLike2Eco12games of this buildCentientWaffle9games of this buildGeeGee9games of this build